 Dungeon Crawl Stone Soup version 0.18-a0-1120-g03bd624 (console) character file.

129 FIQ the Insei (level 5, -3/26 HPs)
             Began as a Vine Stalker Transmuter on Jan 18, 2016.
             Slain by an orc
             ... wielding a +0 short sword
              (5 damage)
             ... on level 2 of the Dungeon.
             The game lasted 00:03:11 (1904 turns).

FIQ the Insei (Vine Stalker Transmuter)             Turns: 1904, Time: 00:03:11

Health: -3/26      AC:  2    Str: 12    XL:     5   Next: 12%
Magic:  0/9        EV: 15    Int: 13    God:
Gold:   60         SH:  0    Dex: 16    Spells: 1 memorised, 8 levels left

rFire  . . .     SeeInvis .       - Unarmed
rCold  . . .     Gourm    .     o - +0 robe (curse)
rNeg   . . .     Faith    .     (no shield)
rPois  .         Spirit   +     (no helmet)
rElec  .         Dismiss  .     (no cloak)
rCorr  .         Reflect  .     (no gloves)
SustAt .         Harm     .     (no boots)
MR     .....                    (no amulet)
Stlth  +.........               (no ring)
                                g - +2 ring of evasion

@: appendage, not resistant to hostile enchantments, very unstealthy
A: fangs 2, horns 2, regeneration 1, magic shield, antimagic bite, no device
heal 3, rot immunity
a: End Transformation


You were on level 2 of the Dungeon.
You were not hungry.
You had grown temporary horns.
You visited 1 branch of the dungeon, and saw 3 of its levels.

You collected 60 gold pieces.

Inventory:

Missiles
 a - 61 arrows
Armour
 o - a cursed +0 robe (worn)
Jewellery
 g - a +2 ring of evasion (left hand)
Scrolls
 j - a scroll of remove curse {unknown}
 l - a scroll of fog {unknown}
 n - a scroll of teleportation {unknown}
Potions
 e - a potion of resistance {unknown}
 f - 3 potions of heal wounds {unknown}
 h - a potion of might {unknown}
 k - 2 potions of curing {unknown}
Books
 c - a book of Changes

   Spells                             Type                      Level
   a - Beastly Appendage              Transmutation                1
   b - Sticks to Snakes               Transmutation                2
   c - Spider Form                    Transmutation/Poison         3
   d - Ice Form                       Ice/Transmutation            4
   e - Blade Hands                    Transmutation                5
Comestibles
 b - 12 chunks of flesh
 d - a bread ration
 m - a meat ration


   Skills:
 + Level 2.0 Fighting
 + Level 2.3 Dodging
 + Level 4.0 Unarmed Combat
 + Level 2.6 Spellcasting
 + Level 2.8 Transmutations


You had 8 spell levels left.
You knew the following spells:

 Your Spells              Type           Power        Failure   Level  Hunger
a - Beastly Appendage     Trmt           #.....       10%         1    #......


Dungeon Overview and Level Annotations

Branches:
Dungeon (3/15)

Altars:
Makhleb
Qazlal
Trog
Xom


Innate Abilities, Weirdness & Mutations

You have extremely sharp teeth.
Your natural rate of healing is unusually fast.
When hurt, damage is shared between your health and your magic reserves.
Your bite disrupts and absorbs the magic of your enemies.
Potions and wands cannot restore your health.
You are immune to rotting.
You have a pair of horns on your head.


Message History

There is a stone staircase leading down, spattered with blood here.
Casting: Beastly Appendage
Confirm with . or Enter, or press ? or * to list all spells.
You grow a pair of large bovine horns.
The orc hits you with a short sword! The orc hits you but does no damage.
The orc hits you with a hand axe.
You hit the orc but do no damage. The orc hits you with a short sword!
* * * LOW HITPOINT WARNING * * *
The orc misses you. The orc hits you with a hand axe.
* * * LOW HITPOINT WARNING * * *
You are too injured to fight recklessly!
You are too injured to fight recklessly!
You hit the orc but do no damage. You headbutt the orc, but do no damage.
You bite the orc. You drain its power.
You feel invigorated.
The orc is moderately wounded.
The orc hits you but does no damage. The orc hits you with a dagger.
* * * LOW HITPOINT WARNING * * *
The orc misses you.
You hit the orc but do no damage. You headbutt the orc.
The orc is severely wounded.
The orc hits you with a short sword.
You die...

#...<......#.#
##.#.......
##..#....###..######
#...###### ....#.#..#
#.......# ##### #
#.....#..###..####.####
# ..............#
#....# #
.#.####.##.[..# ####.#
.#...>..##.##.# #.#
....###.##.##.# #.#
.#..###.......# #.#
.....##......########.#
##...##......##o@o....#
##....#......##o#######
.............##.#
##....#########.#
#.############.# #.#
##.......#.#
#.###...####.#.#
#..............#
####......##.###
#.....###.# ##........#


You could see 3 orcs.

Vanquished Creatures
  An orc priest (D:3)
  An orc wizard (D:3)
  2 adders (D:2)
  A worm (D:2)
  A giant gecko (D:3)
  3 orcs (D:2)
  4 bats
  3 giant cockroaches
  6 goblins
  5 hobgoblins
  3 jackals
  A quokka (D:2)
  2 giant newts (D:1)
  6 kobolds
  4 rats
43 creatures vanquished.

Notes
Turn   | Place    | Note
--------------------------------------------------------------
     0 | D:1      | FIQ the Vine Stalker Transmuter began the quest for the Orb.
     0 | D:1      | Reached XP level 1. HP: 9/9 MP: 4/4
    14 | D:1      | Reached skill level 1 in Fighting
   497 | D:1      | Reached XP level 2. HP: 14/14 MP: 4/6
   897 | D:2      | Reached XP level 3. HP: 14/18 MP: 7/7
  1170 | D:2      | Found a bloodstained altar of Trog.
  1287 | D:2      | Found a shimmering altar of Xom.
  1294 | D:2      | Found a burning altar of Makhleb.
  1410 | D:2      | Found a stormy altar of Qazlal.
  1683 | D:2      | Reached XP level 4. HP: 19/23 MP: 6/8
  1775 | D:3      | Reached XP level 5. HP: 14/26 MP: 4/9
  1829 | D:2      | Reached skill level 4 in Unarmed Combat
  1904 | D:2      | Slain by an orc

Vault maps used:
D:1:      minmay_arrival_up_and_down
D:2:      minitemple, bloody_trog, nicolae_qazlal_eye_of_the_storm
D:3:      uniq_grinder

Action                   |  1- 3 |  4- 6 || total
-------------------------+-------+-------++-------
Melee: Unarmed           |   110 |    42 ||   152
 Cast: Beastly Appendage |    19 |     7 ||    26
 Stab: Sleeping          |     1 |       ||     1
  Eat: Chunk             |     3 |     1 ||     4
